 Dungeon Crawl Stone Soup version 0.30-a0-347-gf58ed5266c (webtiles) character file.

Game seed: 11260859419716394594

95353 jfcaron the Blocker (level 16, 0/127 HPs)
             Began as a Gnoll Reaver on Oct 30, 2022.
             Was the Champion of Fedhas.
             Slain by Yamstis's ghost (60 damage)
             ... on level 15 of the Dungeon on Nov 6, 2022.
             The game lasted 02:32:09 (31870 turns).

jfcaron the Blocker (Gnoll Reaver)                 Turns: 31870, Time: 02:32:09

Health: 0/127      AC: 26    Str: 15    XL:     16   Next: 13%
Magic:  6/32       EV:  2    Int: 26    God:    Fedhas [******]
Gold:   3638       SH:  0    Dex: 16    Spells: 3/39 levels left

rFire   + . .      SeeInvis +    R - +1 scimitar (holy)
rCold   . . .      Faith    .    M - +0 buckler
rNeg    + . .      Spirit   .    Q - +4 ring mail "Teanimp" {rPois rF+ rN+ Int-2}
rPois   +          Reflect  .    x - +2 helmet
rElec   .          Harm     .    K - +4 cloak of the Insatiable Teeth {SInv}
rCorr   .          Rampage  .    d - +1 pair of gloves of the Other World {+Blink +Inv Dex+4}
Will    +....                    Y - +2 pair of boots "Fiomyis" {Slay+3}
Stlth   ++++......               r - amulet of the acrobat
HPRegen 0.41/turn                L - +6 ring of intelligence
MPRegen 0.23/turn                X - +6 ring of intelligence

@: sleeping, studying 2 skills
A: fangs 1, strong nose, distributed training
a: Renounce Religion, Evoke Blink, Evoke Invisibility, Wall of Briars, Grow
Ballistomycete, Overgrow, Grow Oklob


You were on level 15 of the Dungeon.
You worshipped Fedhas.
Fedhas was exalted by your worship.
You visited 4 branches of the dungeon, and saw 23 of its levels.
You also visited: Ossuary and Ice Cave.

You collected 4318 gold pieces.
You spent 680 gold pieces at shops.

Inventory:

Hand Weapons
 a - a +4 eveningstar of draining
 b - a +2 rapier of electrocution
 R - a +1 scimitar of holy wrath (weapon)
Missiles
 j - 25 poisoned darts (quivered)
 m - 6 silver javelins {!f}
 F - 4 curare-tipped darts {!f}
 G - 2 javelins
 N - 6 atropa-tipped darts
 T - 9 datura-tipped darts
Armour
 d - the +1 pair of gloves of the Other World (worn) {+Blink +Inv Dex+4}
   (You acquired it in an ice cave)

   Dex:       It affects your dexterity (+4).
   +Inv:      It lets you turn invisible.
   +Blink:    It lets you blink.
 s - the +0 leather armour of the Lotus Blossom {rF+ Int+2}
   (You found it on level 2 of the Dungeon)

   Int:       It affects your intelligence (+2).
   rF:        It protects you from fire.
 x - a +2 helmet (worn)
 H - a +0 ring mail of cold resistance
 K - the +4 cloak of the Insatiable Teeth (worn) {SInv}
   (You found it on level 6 of the Dungeon)

   SInv:      It lets you see invisible.
 M - a +0 buckler (worn)
 Q - the +4 ring mail "Teanimp" (worn) {rPois rF+ rN+ Int-2}
   (You found it on level 2 of the Lair of Beasts)

   Int:       It affects your intelligence (-2).
   rF:        It protects you from fire.
   rPois:     It protects you from poison.
   rN:        It protects you from negative energy.
 Y - the +2 pair of boots "Fiomyis" (worn) {Slay+3}
   (You acquired it on level 11 of the Dungeon)

   Slay:      It affects your accuracy & damage with ranged weapons and melee
   (+3).
Magical Staves
 g - a staff of air
Jewellery
 r - an amulet of the acrobat (around neck)
 L - a +6 ring of intelligence (left hand)
 X - a +6 ring of intelligence (right hand)
Wands
 v - a wand of polymorph (5)
 E - a wand of charming (5)
 P - a wand of quicksilver (7)
 W - a wand of roots (1)
Scrolls
 e - 9 scrolls of fear
 o - 3 scrolls of immolation
 p - 14 scrolls of teleportation
 t - a scroll of summoning
 w - 2 scrolls of poison
 y - 2 scrolls of butterflies
 A - 2 scrolls of enchant armour
 V - 3 scrolls of magic mapping
Potions
 h - 3 potions of resistance
 i - 10 potions of curing
 k - 3 potions of haste
 n - 3 potions of lignification
 q - 8 potions of flight
 z - a potion of cancellation
 B - a potion of magic
 C - 6 potions of mutation
 D - 4 potions of heal wounds
 I - 2 potions of brilliance
 J - 4 potions of attraction
 O - 2 potions of berserk rage
 S - 2 potions of ambrosia
Miscellaneous
 l - a phantom mirror (inert)
 U - a phial of floods


   Skills:
 + Level 11.9 Fighting
 + Level 11.0 Short Blades
 + Level 11.0 Long Blades
 + Level 11.0 Axes
 + Level 11.0 Maces & Flails
 + Level 12.7 Polearms
 + Level 11.0 Staves
 + Level 11.0 Ranged Weapons
 + Level 11.0 Throwing
 + Level 11.0 Armour
 + Level 11.9 Dodging
 + Level 11.0 Stealth
 + Level 13.0 Shields
 + Level 11.0 Unarmed Combat
 + Level 12.1 Spellcasting
 + Level 10.8 Conjurations
 + Level 9.3 Hexes
 + Level 9.3 Summonings
 + Level 9.3 Necromancy
 + Level 9.3 Translocations
 + Level 9.3 Transmutations
 + Level 9.3 Fire Magic
 + Level 11.3 Ice Magic
 + Level 9.3 Air Magic
 + Level 9.3 Earth Magic
 + Level 9.3 Poison Magic
 + Level 12.0 Invocations
 + Level 11.0 Evocations


You had 3 spell levels left.
You knew the following spells:

 Your Spells              Type           Power      Damage    Failure   Level
a - Kiss of Death         Conj/Necr      100%       2d13      1%          1
b - Alistair's Intoxicat  Tmut/Pois      39%        N/A       4%          5
c - Hailstorm             Conj/Ice       65%        3d14      1%          3
d - Ignite Poison         Fire/Tmut/Pois 59%        N/A       1%          3
e - Kindle Blastsparks    Fire/Tloc/Air  100%       2d18      1%          3
f - Ozocubu's Armour      Ice            66%        N/A       1%          3
g - Summon Lightning Spi  Summ/Air       59%        N/A       1%          4
h - Olgreb's Toxic Radia  Pois           59%        N/A       1%          4
i - Freezing Cloud        Conj/Ice/Air   31%        6-21      2%          5
j - Borgnjor's Vile Clut  Necr/Erth      29%        N/A       4%          5

Your spell library contained the following spells:

 Spells                   Type           Power      Damage    Failure   Level
 Foxfire                  Conj/Fire      100%       2x1d9     1%          1
 Sting                    Tmut/Pois      100%       1d8       1%          1
 Momentum Strike          Conj/Tloc      100%       3d10      1%          2
 Poisonous Vapours        Pois/Air       100%       N/A       1%          2
 Airstrike                Air            29%        2d(5-21)  1%          4
 Petrify                  Tmut/Erth      59%        N/A       1%          4
 Iskenderun's Battlesphe  Conj           64%        2d11      2%          5
 Fireball                 Conj/Fire      30%        3d13      3%          5
 Lightning Bolt           Conj/Air       30%        1d47      3%          5
 Metabolic Englaciation   Hex/Ice        31%        N/A       3%          5
 Conjure Ball Lightning   Conj/Air       30%        3x3d10    19%         6
 Starburst                Conj/Fire      30%        6d9       19%         6
 Eringya's Noxious Bog    Tmut/Pois      29%        N/A       24%         6
 Statue Form              Tmut/Erth      39%        N/A       24%         6
 Ozocubu's Refrigeration  Ice            33%        4d14      52%         7
 Orb of Destruction       Conj           32%        9d10      58%         7
 Storm Form               Tmut/Air       29%        N/A       80%         7
 Maxwell's Capacitive Co  Air            29%        ∞         100%        8


Dungeon Overview and Level Annotations

Branches:
Dungeon (15/15)            Temple (1/1) D:7            Lair (5/5) D:9
 Shoals (0/4) Lair:3       Spider (0/4) Lair:2        Slime (0/5) Lair:5
    Orc (2/2) D:11            Elf (0/3) Orc:2        Vaults (0/5) D:14
 Depths (0/4) D:15        Ossuary (visited)           IceCv (visited)

Altars:
Ashenzari
Cheibriados
Dithmenos
Elyvilon
Fedhas
Gozag
Hepliaklqana
Kikubaaqudgha
Makhleb
Nemelex Xobeh
Okawaru
Qazlal
Ru
Sif Muna
Trog
Uskayaw
Vehumet
Wu Jian
Xom
Yredelemnul
Zin
The Shining One
Jiyva

Shops:
D:8 (   Orc:1 [   Orc:2 (([*

Annotations:
D:15 Yamstis's ghost, adept GnMo


Innate Abilities, Weirdness & Mutations

You have very sharp teeth.
Your uncanny sense of smell can sniff out nearby items.
Your experience applies equally to all skills.


Message History

The world stops spinning.
Yamstis's ghost closely misses Yamstis's ghost.
You block Yamstis's ghost's attack.
Your hell knight completely misses Yamstis's ghost.
Your lightning spire shoots out a bolt of lightning at Yamstis's ghost!
The bolt of electricity hits Yamstis's ghost.
Unknown command.
You miss Yamstis's ghost.
Yamstis's ghost is lightly damaged.
Yamstis's ghost barely misses Yamstis's ghost.
Yamstis's ghost is engulfed in freezing vapours.
You block Yamstis's ghost's attack.
Your hell knight completely misses Yamstis's ghost.
Your lightning spire shoots out a bolt of lightning at Yamstis's ghost!
The bolt of electricity hits Yamstis's ghost.
Unknown command.
You closely miss Yamstis's ghost.
Yamstis's ghost is lightly damaged.
Yamstis's ghost completely misses Yamstis's ghost.
Yamstis's ghost hits you.
Your hell knight barely misses Yamstis's ghost.
Unknown command.
You hit Yamstis's ghost but do no damage.
Yamstis's ghost is lightly damaged.
Yamstis's ghost closely misses Yamstis's ghost.
Yamstis's ghost is engulfed in freezing vapours.
Yamstis's ghost points at you and mumbles some strange words.
You fall asleep.
Your hell knight smiles at you.
Your hell knight prays to its god.
Your hell knight seems to speed up.
Your lightning spire shoots out a bolt of lightning at Yamstis's ghost!
The bolt of electricity hits Yamstis's ghost!
Yamstis's ghost shimmers and vanishes!
Your hell knight hits Yamstis's ghost with a +3 demon blade!!
Yamstis's ghost completely misses you.
Your hell knight barely misses Yamstis's ghost.
Yamstis's ghost hits you!!!
You die...
Fedhas appreciates your contribution to the ecosystem.

##.###..#.......#..#.#######.##
#.# #.(#.=!?$..#..#.# #.# #.#
#..#..#$#..#..#.# #.## #.#
#..#.#...#.#....# #... #.#
#..#..#.#..#..#.# #### #.#
#..#...(...#..(.# #.#
#..#..§§...#..#.# #.#
#..###°§p###....# #.#
#....§§§W@....### #.#
#....§...8....# #.#
###..#####.#.## #.# #.## #...#
#.# #.# ##..# #.#####.### #..#
#.........# #..##
#########.#####...##
#.##....#..#


You could see Yamstis's ghost (ally target), a friendly hell knight (charmed,
fast) and a friendly lightning spire (summoned).

Vanquished Creatures
  Rupert (Lair:5)
  An emperor scorpion (D:15)
  2 orc warlords
  A reaper (IceCv)
  The ghost of Piwky the Grappler, a journeyman TrMo (Lair:4)
  A dire elephant (D:15)
  A great orb of eyes (D:15)
  2 fire dragons (Lair:5)
  4 vault guards (D:14)
  3 hydras
  2 death knights (D:15)
  7 boulder beetles
  3 two-headed ogres
  A centaur warrior (D:15)
  A catoblepas (D:13)
  Sonja (Lair:4)
  2 orc high priests (Orc:2)
  5 skeletal warriors (D:9)
  A swamp dragon (Lair:5)
  A lindwurm (Lair:5)
  A wizard (D:15)
  3 orc knights
  A phantasmal warrior (D:15)
  18 ugly things
  3 deep elf pyromancers
  6 cyclopes
  6 orc sorcerers (Orc:2)
  An oklob plant (Lair:5)
  8 manticores
  A salamander (D:15)
  15 elephants
  3 black mambas
  2 molten gargoyles (Lair:4)
  5 torpor snails (Lair:5)
  2 ice statues (IceCv)
  2 unseen horrors
  A kobold demonologist (D:13)
  6 rime drakes
  9 cane toads
  12 komodo dragons
  An unseen horror (shapeshifter) (D:13)
  3 efreet (D:15)
  5 ice devils (IceCv)
  A freezing wraith (D:15)
  3 anaconda simulacra (IceCv)
  6 trolls
  3 polar bears
  4 tyrant leeches (Lair:5)
  6 hornets (Lair:5)
  11 slime creatures
  6 blink frogs
  Sigmund (D:5)
  4 wraiths
  2 wyverns
  2 water elementals
  40 yaks
  2 dire elephant simulacra (IceCv)
  6 vampire mosquitoes
  4 basilisks
  2 redbacks (Lair:2)
  Menkaure (D:5)
  4 steam dragons
  6 wargs
  A harpy simulacrum (IceCv)
  Edmund (D:5)
  3 acid dragons
  7 water moccasins
  4 hydra simulacra (IceCv)
  Duvessa (D:6)
  36 orc warriors
  6 ice beasts
  3 swamp drakes (Lair:5)
  2 sky beasts
  A black bear (D:4)
  5 centaurs
  7 ogres
  28 wolves
  2 phantoms
  A kobold brigand (D:9)
  10 bullfrogs
  2 wyvern zombies (Ossuary)
  A necrophage (D:5)
  A two-headed ogre simulacrum (IceCv)
  3 scorpions
  A cane toad simulacrum (IceCv)
  2 water moccasin zombies (Ossuary)
  5 wights (D:6)
  Dowan (D:6)
  6 killer bees (D:7)
  2 howler monkeys
  9 electric eels
  7 bullfrog zombies (Ossuary)
  5 lava snakes (Lair:4)
  3 hounds
  3 jellies
  19 orc priests
  23 orc wizards
  Ijyb (D:5)
  6 iguanas
  9 hell rats
  A spriggan simulacrum (IceCv)
  2 wolf simulacra (IceCv)
  7 killer bee zombies (Ossuary)
  14 mummies (Ossuary)
  Robin (D:1)
  4 howler monkey zombies (Ossuary)
  4 gnolls (D:3)
  9 adders
  2 naga simulacra (IceCv)
  11 river rats (Lair:3)
  A shadow imp (D:7)
  A white imp (D:6)
  An ufetubus (D:4)
  5 worms
  13 dart slugs
  76 orcs
  7 ball pythons
  10 endoplasms
  A giant cockroach (D:2)
  13 goblins
  10 hobgoblins
  7 jackals
  2 quokkas
  10 bats
  2 frilled lizards
  15 kobolds
  3 rats
  29 fungi
  98 plants
  3 withered plants (Ossuary)
858 creatures vanquished.

Notes
Turn   | Place    | Note
-------+----------+-------------------------------------------
     0 | D:1      | jfcaron the Gnoll Reaver began the quest for the Orb.
     0 | D:1      | Reached XP level 1. HP: 20/20 MP: 6/6
    98 | D:1      | Reached XP level 2. HP: 22/26 MP: 7/7
   106 | D:1      | Learned a level 2 spell: Momentum Strike
   184 | D:1      | You fall into a shaft and drop 1 floor!
   427 | D:1      | Reached skill level 5 in Spellcasting
   427 | D:1      | Reached XP level 3. HP: 31/31 MP: 7/9
   634 | D:1      | Reached skill level 1 in Invocations
   954 | D:2      | Reached skill level 1 in Short Blades
   954 | D:2      | Reached skill level 1 in Long Blades
   954 | D:2      | Reached skill level 1 in Axes
   954 | D:2      | Reached skill level 1 in Maces & Flails
   954 | D:2      | Reached skill level 1 in Staves
   954 | D:2      | Reached skill level 1 in Ranged Weapons
   954 | D:2      | Reached skill level 1 in Throwing
   954 | D:2      | Reached skill level 1 in Armour
   954 | D:2      | Reached skill level 1 in Stealth
   954 | D:2      | Reached skill level 1 in Shields
   954 | D:2      | Reached skill level 1 in Unarmed Combat
   954 | D:2      | Reached skill level 1 in Evocations
   961 | D:2      | Identified the +0 leather armour of the Lotus Blossom {rF+
                  | Int+2}
  1187 | D:2      | Reached XP level 4. HP: 32/38 MP: 11/11
  1196 | D:2      | Noticed Robin
  1241 | D:2      | HP: 6/38 [worm (9)]
  1266 | D:1      | Killed Robin
  1267 | D:1      | Reached skill level 1 in Hexes
  1267 | D:1      | Reached skill level 1 in Summonings
  1267 | D:1      | Reached skill level 1 in Necromancy
  1267 | D:1      | Reached skill level 1 in Translocations
  1267 | D:1      | Reached skill level 1 in Transmutations
  1267 | D:1      | Reached skill level 1 in Fire Magic
  1267 | D:1      | Reached skill level 1 in Ice Magic
  1267 | D:1      | Reached skill level 1 in Air Magic
  1267 | D:1      | Reached skill level 1 in Earth Magic
  1267 | D:1      | Reached skill level 1 in Poison Magic
  1761 | D:3      | Reached XP level 5. HP: 43/43 MP: 12/12
  2397 | D:4      | Noticed a phantom
  2412 | D:3      | Killed a phantom
  2413 | D:3      | Reached XP level 6. HP: 40/50 MP: 14/14
  2485 | D:4      | Noticed a black bear
  2492 | D:4      | Killed a black bear
  2493 | D:4      | Reached skill level 5 in Fighting
  2493 | D:4      | Reached skill level 5 in Dodging
  2493 | D:4      | Reached skill level 2 in Shields
  2591 | D:4      | Found a snail-covered altar of Cheibriados.
  2592 | D:4      | Found a bloodstained altar of Trog.
  2635 | D:4      | Found a sand-covered staircase.
  2671 | Ossuary  | Entered an ossuary
  2681 | Ossuary  | Reached XP level 7. HP: 56/56 MP: 15/15
  2709 | Ossuary  | HP: 1/56 [bog mummy (14)]
  2720 | Ossuary  | Gained mutation: You have hidden genetic defects. [potion
                  | of mutation]
  2720 | Ossuary  | Lost mutation: You have hidden genetic defects. [potion of
                  | mutation]
  2730 | Ossuary  | HP: 11/56 [bog mummy (12)]
  2775 | Ossuary  | Reached skill level 3 in Shields
  2775 | Ossuary  | Reached XP level 8. HP: 33/63 MP: 16/16
  4285 | D:5      | Entered Level 5 of the Dungeon
  4314 | D:5      | Found a radiant altar of Vehumet.
  4353 | D:5      | Found a stormy altar of Qazlal.
  4395 | D:5      | Found a shadowy altar of Dithmenos.
  4411 | D:5      | Noticed Menkaure
  4421 | D:5      | Killed Menkaure
  4422 | D:5      | Reached XP level 9. HP: 34/69 MP: 18/18
  4538 | D:5      | Found a shimmering altar of Xom.
  4548 | D:5      | Found an iron altar of Okawaru.
  4589 | D:5      | Reached skill level 4 in Shields
  5067 | D:5      | Noticed Ijyb
  5104 | D:5      | Noticed Sigmund
  5116 | D:5      | Killed Ijyb
  5120 | D:5      | Killed Sigmund
  5191 | D:5      | Noticed Edmund
  5213 | D:5      | Killed Edmund
  5764 | D:6      | Reached skill level 5 in Invocations
  5933 | D:6      | Identified the +4 cloak of the Insatiable Teeth {SInv}
  5954 | D:6      | Noticed Duvessa
  5968 | D:6      | Noticed Dowan
  5970 | D:6      | Killed Duvessa
  5974 | D:6      | Killed Dowan
  6220 | D:6      | Reached skill level 5 in Short Blades
  6220 | D:6      | Reached skill level 5 in Long Blades
  6220 | D:6      | Reached skill level 5 in Axes
  6220 | D:6      | Reached skill level 5 in Maces & Flails
  6220 | D:6      | Reached skill level 5 in Staves
  6220 | D:6      | Reached skill level 5 in Ranged Weapons
  6220 | D:6      | Reached skill level 5 in Throwing
  6220 | D:6      | Reached skill level 5 in Armour
  6220 | D:6      | Reached skill level 5 in Stealth
  6220 | D:6      | Reached skill level 5 in Shields
  6220 | D:6      | Reached skill level 5 in Unarmed Combat
  6220 | D:6      | Reached skill level 5 in Evocations
  6220 | D:6      | Reached XP level 10. HP: 57/77 MP: 20/20
  6965 | D:7      | Found a burning altar of Makhleb.
  6975 | D:7      | Found a staircase to the Ecumenical Temple.
  6992 | Temple   | Entered the Ecumenical Temple
  7072 | Temple   | Became a worshipper of Fedhas Madash
  7912 | D:7      | Learned a level 3 spell: Hailstorm
  7916 | D:7      | Learned a level 3 spell: Ignite Poison
  7920 | D:7      | Learned a level 3 spell: Kindle Blastsparks
  7924 | D:7      | Learned a level 3 spell: Ozocubu's Armour
  8232 | D:8      | Found a broken altar of Ashenzari.
  8525 | D:8      | Noticed a deep elf pyromancer
  8540 | D:8      | Killed a deep elf pyromancer
  8610 | D:8      | Found Masulut's Hydra Hut.
  8611 | D:8      | Noticed a seven-headed hydra
  8690 | D:8      | Found a glowing silver altar of Zin.
  8690 | D:8      | Found a white marble altar of Elyvilon.
  8691 | D:8      | Found a glowing golden altar of the Shining One.
  8755 | D:9      | Noticed a two-headed ogre
  8780 | D:9      | Killed a two-headed ogre
  8798 | D:9      | Reached skill level 6 in Shields
  8799 | D:9      | Reached skill level 5 in Hexes
  8799 | D:9      | Reached skill level 5 in Summonings
  8799 | D:9      | Reached skill level 5 in Necromancy
  8799 | D:9      | Reached skill level 5 in Translocations
  8799 | D:9      | Reached skill level 5 in Transmutations
  8799 | D:9      | Reached skill level 5 in Fire Magic
  8799 | D:9      | Reached skill level 5 in Ice Magic
  8799 | D:9      | Reached skill level 5 in Air Magic
  8799 | D:9      | Reached skill level 5 in Earth Magic
  8799 | D:9      | Reached skill level 5 in Poison Magic
  8799 | D:9      | Reached XP level 11. HP: 53/85 MP: 9/22
  8878 | D:9      | Reached * piety under Fedhas
  9259 | D:9      | Noticed a skeletal warrior
  9261 | D:9      | Noticed a skeletal warrior
  9262 | D:9      | Found a staircase to the Lair.
  9264 | D:9      | Noticed a skeletal warrior
  9270 | D:9      | Noticed a skeletal warrior
  9334 | Lair:1   | Entered Level 1 of the Lair of Beasts
 11302 | Lair:2   | Identified the +4 ring mail "Teanimp" {rPois rF+ rN+ Int-2}
 11304 | Lair:2   | Found a hole to the Spider Nest.
 11741 | Lair:2   | Noticed a six-headed hydra
 11758 | Lair:2   | Killed a six-headed hydra
 11759 | Lair:2   | Reached skill level 7 in Shields
 11932 | Lair:2   | Noticed an oklob plant
 11937 | Lair:2   | Noticed an oklob plant
 11938 | Lair:2   | Noticed an oklob plant
 11939 | Lair:2   | Noticed an oklob plant
 12083 | Lair:3   | Noticed an oklob plant
 12136 | Lair:3   | Reached ** piety under Fedhas
 12167 | Lair:3   | Reached XP level 12. HP: 43/94 MP: 11/24
 12253 | Lair:3   | Found a staircase to the Shoals.
 12270 | Lair:3   | Found a frozen archway.
 12382 | IceCv    | Entered an ice cave
 12438 | IceCv    | HP: 12/94 [ice devil (8)]
 12706 | IceCv    | Identified 2 scrolls of acquirement
 12713 | IceCv    | Acquired 1260 gold pieces
 12715 | IceCv    | Acquired the +1 pair of gloves of the Other World {+Blink
                  | +Inv Dex+4}
 12853 | IceCv    | Reached skill level 10 in Polearms
 13568 | IceCv    | Reached *** piety under Fedhas
 13676 | IceCv    | Noticed a reaper
 13690 | IceCv    | Killed a reaper
 14923 | Lair:3   | Upgraded the game from 0.30-a0-335-ge5acde7520 to
                  | 0.30-a0-347-gf58ed5266c
 15067 | Lair:4   | Reached **** piety under Fedhas
 15278 | Lair:4   | Reached skill level 8 in Shields
 15539 | Lair:4   | Reached XP level 13. HP: 100/101 MP: 24/26
 15738 | Lair:4   | Found a large runed translucent door.
 15738 | Lair:4   | Found a large runed translucent door.
 16061 | Lair:4   | Noticed Sonja
 16067 | Lair:4   | Killed Sonja
 16446 | Lair:4   | Noticed Piwky's ghost (journeyman TrMo)
 16483 | Lair:4   | Killed Piwky's ghost
 16698 | Lair:5   | Entered Level 5 of the Lair of Beasts
 16932 | Lair:5   | HP: 20/102 [elephant (5)]
 16943 | Lair:5   | Reached skill level 10 in Spellcasting
 17391 | Lair:5   | Reached ***** piety under Fedhas
 17705 | Lair:5   | Reached skill level 9 in Shields
 17754 | Lair:5   | HP: 19/103 [cane toad (7)]
 18302 | Lair:5   | Reached skill level 10 in Fighting
 18302 | Lair:5   | Reached skill level 10 in Dodging
 18866 | Lair:5   | Noticed Rupert
 18876 | Lair:5   | Paralysed by Rupert for 2 turns
 18882 | Lair:5   | Killed Rupert
 18998 | Lair:5   | Found a staircase to the Slime Pits.
 18999 | Lair:5   | Found a viscous altar of Jiyva.
 19156 | Lair:5   | Found a runed translucent door.
 19157 | Lair:5   | Noticed a fire dragon
 19542 | Lair:5   | Reached XP level 14. HP: 82/110 MP: 26/28
 19572 | Lair:5   | Reached skill level 10 in Invocations
 20850 | Lair:5   | Reached skill level 10 in Shields
 21011 | Lair:5   | Learned a level 4 spell: Summon Lightning Spire
 21837 | D:10     | Entered Level 10 of the Dungeon
 22233 | D:10     | Learned a level 4 spell: Olgreb's Toxic Radiance
 23036 | D:11     | Acquired the +2 pair of boots "Fiomyis" {Slay+3}
 23078 | D:11     | Found a staircase to the Orcish Mines.
 24649 | D:12     | Identified the +8 glaive "Mygabbauts" {distort, MP+9 Int+4
                  | Dex+5}
 24664 | D:12     | Reached skill level 11 in Shields
 24670 | D:12     | Learned a level 5 spell: Freezing Cloud
 25161 | Orc:1    | Entered Level 1 of the Orcish Mines
 25162 | Orc:1    | Noticed an orc warlord
 25172 | Orc:1    | Reached skill level 10 in Conjurations
 25181 | Orc:1    | Killed an orc warlord
 25810 | Orc:1    | Found Vopsaufi's Armour Boutique.
 25862 | Orc:2    | Entered Level 2 of the Orcish Mines
 25895 | Orc:2    | Reached ****** piety under Fedhas
 26017 | Orc:2    | Reached skill level 10 in Short Blades
 26017 | Orc:2    | Reached skill level 10 in Long Blades
 26017 | Orc:2    | Reached skill level 10 in Axes
 26017 | Orc:2    | Reached skill level 10 in Maces & Flails
 26017 | Orc:2    | Reached skill level 10 in Staves
 26017 | Orc:2    | Reached skill level 10 in Ranged Weapons
 26017 | Orc:2    | Reached skill level 10 in Throwing
 26017 | Orc:2    | Reached skill level 10 in Armour
 26017 | Orc:2    | Reached skill level 10 in Stealth
 26017 | Orc:2    | Reached skill level 10 in Unarmed Combat
 26017 | Orc:2    | Reached skill level 10 in Evocations
 26431 | Orc:2    | Reached skill level 10 in Ice Magic
 26464 | Orc:2    | Reached XP level 15. HP: 114/118 MP: 18/30
 26528 | Orc:2    | Noticed an orc warlord
 26544 | Orc:2    | Killed an orc warlord
 26809 | Orc:2    | Found Hyagroga's Antique Armour Boutique.
 26814 | Orc:2    | Found Ruwkamyo's Antique Weapon Shop.
 26893 | Orc:2    | Found Joppo's Antique Weapon Shop.
 26981 | Orc:2    | Found a staircase to the Elven Halls.
 27425 | Orc:2    | Found Irealak's General Store.
 27430 | Orc:2    | Bought a scroll of identify for 22 gold pieces
 27540 | Orc:2    | Bought an opalescent robe for 193 gold pieces
 27540 | Orc:2    | Identified the +1 robe of Meef {Drain rPois rF++} (You
                  | bought it in a shop on level 2 of the Orcish Mines)
 27546 | Orc:2    | Bought a scorched long sword for 255 gold pieces
 27546 | Orc:2    | Identified the +6 long sword "Tuss" {vorpal, *Slow rN++
                  | Str+3} (You bought it in a shop on level 2 of the Orcish
                  | Mines)
 27546 | Orc:2    | Bought a runed scimitar for 210 gold pieces
 28103 | D:13     | Identified the +5 scimitar "Fonex" {drain, Fly rN+ Int-5}
 28870 | D:14     | Learned a level 5 spell: Borgnjor's Vile Clutch
 28939 | D:14     | Reached skill level 12 in Shields
 29143 | D:14     | Found a gate to the Vaults.
 29984 | D:15     | Entered Level 15 of the Dungeon
 30042 | D:15     | Noticed an emperor scorpion
 30051 | D:15     | HP: 17/120 [freezing wraith[a death knight] (20)]
 30323 | D:15     | HP: 21/117 [poisoned by an emperor scorpion]
 30328 | D:14     | HP: 11/117 [poisoned by an emperor scorpion]
 30722 | D:15     | Killed an emperor scorpion
 31053 | D:15     | Reached XP level 16. HP: 127/127 MP: 23/32
 31093 | D:15     | Identified the +1 robe "Ovvog" {rElec}
 31116 | D:15     | Found a runed translucent gate.
 31116 | D:15     | Found a runed translucent gate.
 31119 | D:15     | Found a runed translucent gate.
 31130 | D:15     | Noticed Yamstis's ghost (adept GnMo)
 31576 | D:15     | Found a staircase to the Depths.
 31850 | D:15     | Learned a level 5 spell: Alistair's Intoxication
 31862 | D:15     | Reached skill level 13 in Shields
 31870 | D:15     | Slain by Yamstis's ghost

Illustrated notes

Levels and vault maps discovered:
D:1:      scummos_arrival_simple_fountains, layout_basic
D:2:      layout_rooms, minmay_domino_4, uniq_robin
D:3:      layout_loops_ring
D:4:      kennysheep_slugbush, layout_loops_cross,
          gammafunk_temple_overflow_statue,
          nicolae_ossuary_entry_false_entrances, minmay_box_of_dots
D:5:      layout_loops_corners, mainiacjoe_overflow_small_starburst,
          vehumet_crystals, nicolae_overflow_crystal_walls,
          mainiacjoe_overflow_alcove_2, amcnicky_altar_gilded,
          sigmund_edmund_badplayer, uniq_ijyb, uniq_sigmund, uniq_menkaure
D:6:      layout_cave_pools, kennysheep_nub, kennysheep_donut, uniq_duvessa
D:7:      nicolae_whirlpool, layout_basic, mainiacjoe_overflow_chevrons,
          minmay_temple_entry_butterflies, dreamdust_wishing_well,
          mrwooster_statue_mirror
D:8:      layout_basic, good_gods_temple_1, lemuel_round_altar,
          doesnt_shop_hydraphobe
D:9:      layout_loops_cross, hellmonk_lair_entry_icy, minmay_misc_feat_chi
D:10:     layout_irregular_city
D:11:     layout_grid_maze, erik_orc_4
D:12:     layout_basic, chequers_serial_rivers_micro_a
D:13:     layout_basic
D:14:     layout_basic, lightli_vaults_fourway_checkpoint,
          minmay_misc_feat_pillars, nrook_pool_corridor
D:15:     hangedman_depths_entry_try_elsewhere_first, layout_loops_ring,
          gammafunk_ghost_split, minmay_misc_feat_ornament
Temple:   compressed_dpeg_circular_temple
Lair:1:   layout_roguey, grunt_megastairs_4, serial_bayou_shore_b
Lair:2:   minmay_lair_oklob_tunnel, layout_hall_layers, spider_nest_entry_a
Lair:3:   layout_misc_corridors, minmay_shoals_entry_centaurs,
          portal_ice_cave_rime, kennysheep_rathole
Lair:4:   cheibrodos_magma_flow, layout_gridlike, ebering_ghost_disaster_area,
          uniq_sonja
Lair:5:   wormcave, layout_hall_layers, guppyfry_lair_end_dragon, slime_entry_1,
          grunt_megastairs_5, lemuel_fruit_tree, uniq_rupert
Orc:1:    layout_caves, serial_shops, nicolae_shop_crystal
Orc:2:    grunt_orc_community_town_hall, layout_caves,
          grunt_orc_community_big_house_1, grunt_orc_community_big_house_2,
          grunt_orc_community_house_1, grunt_orc_community_house_3,
          grunt_orc_community_house_3, grunt_orc_community_house_3

Skill      XL: |  1  2  3  4  5  6  7  8  9 10 11 12 13 14 15 16 |
---------------+-------------------------------------------------+-----
Spellcasting   | 5 6 7 8 9 10 11 12 | 12.1
Invocations    | 1 2 3 4 5 6 7 8 9 10 11 12 | 12.0
Short Blades   | 1 2 3 5 6 7 8 9 10 11 | 11.0
Long Blades    | 1 2 3 5 6 7 8 9 10 11 | 11.0
Axes           | 1 2 3 5 6 7 8 9 10 11 | 11.0
Maces & Flails | 1 2 3 5 6 7 8 9 10 11 | 11.0
Staves         | 1 2 3 5 6 7 8 9 10 11 | 11.0
Ranged Weapons | 1 2 3 5 6 7 8 9 10 11 | 11.0
Throwing       | 1 2 3 5 6 7 8 9 10 11 | 11.0
Armour         | 1 2 3 5 6 7 8 9 10 11 | 11.0
Stealth        | 1 2 3 5 6 7 8 9 10 11 | 11.0
Shields        | 1 2 3 5 6 7 8 9 11 12 13 | 13.0
Unarmed Combat | 1 2 3 5 6 7 8 9 10 11 | 11.0
Evocations     | 1 2 3 5 6 7 8 9 10 11 | 11.0
Hexes          | 1 2 3 4 5 6 7 8 9 |  9.3
Summonings     | 1 2 3 4 5 6 7 8 9 |  9.3
Necromancy     | 1 2 3 4 5 6 7 8 9 |  9.3
Translocations | 1 2 3 4 5 6 7 8 9 |  9.3
Transmutations | 1 2 3 4 5 6 7 8 9 |  9.3
Fire Magic     | 1 2 3 4 5 6 7 8 9 |  9.3
Ice Magic      | 1 2 3 4 5 7 8 10 11 | 11.3
Air Magic      | 1 2 3 4 5 6 7 8 9 |  9.3
Earth Magic    | 1 2 3 4 5 6 7 8 9 |  9.3
Poison Magic   | 1 2 3 4 5 6 7 8 9 |  9.3
Fighting       | 5 6 7 8 9 10 11 | 11.9
Dodging        | 5 6 7 8 9 10 11 | 11.9
Polearms       | 7 8 9 10 11 12 | 12.7
Conjurations   | 6 7 8 9 10 | 10.8

Action                   |  1- 3 |  4- 6 |  7- 9 | 10-12 | 13-15 | 16-18 || total
-------------------------+-------+-------+-------+-------+-------+-------++-------
Melee: Trident           |   125 |   134 |       |   441 |   815 |       ||  1515
       Spear             |     3 |       |       |       |       |       ||     3
       Bite              |     7 |    10 |    27 |    92 |   162 |       ||   298
       Punch             |     1 |     1 |       |       |       |       ||     2
       Halberd           |       |    52 |   342 |   110 |       |       ||   504
       Dagger            |       |       |       |    16 |    31 |       ||    47
       Hand axe          |       |       |       |    12 |       |       ||    12
       Long sword        |       |       |       |       |    23 |       ||    23
       Eveningstar       |       |       |       |       |    59 |     6 ||    65
       Rapier            |       |       |       |       |     4 |       ||     4
       Scimitar          |       |       |       |       |     1 |    10 ||    11
Throw: Dart              |       |     1 |    15 |    83 |   217 |    11 ||   327
       Stone             |       |       |    60 |    43 |    95 |       ||   198
       Boomerang         |       |       |       |    12 |   144 |       ||   156
       Javelin           |       |       |       |       |    12 |       ||    12
 Cast: Kindle Blastspark |       |       |       |   101 |    14 |       ||   115
       Hailstorm         |       |       |       |     4 |     1 |       ||     5
       Ozocubu's Armour  |       |       |       |    33 |    38 |       ||    71
       Kiss of Death     |       |       |       |     1 |     4 |       ||     5
       Summon Lightning  |       |       |       |       |    80 |     5 ||    85
       Olgreb's Toxic Ra |       |       |       |       |    75 |     4 ||    79
       Ignite Poison     |       |       |       |       |    18 |     2 ||    20
       Freezing Cloud    |       |       |       |       |    16 |     4 ||    20
       Borgnjor's Vile C |       |       |       |       |     5 |       ||     5
       Alistair's Intoxi |       |       |       |       |       |     1 ||     1
Invok: Overgrow          |       |       |       |       |     2 |       ||     2
 Abil: Evoke Invisibilit |       |       |       |     1 |     2 |       ||     3
       Evoke Blink       |       |       |       |       |     3 |       ||     3
Evoke: Wand              |       |     5 |     2 |    20 |    32 |     2 ||    61
       Phantom mirror    |       |       |       |       |     2 |     1 ||     3
  Use: Potion            |       |     2 |    10 |     1 |     8 |     1 ||    22
       Scroll            |       |     6 |     9 |     7 |    14 |       ||    36
 Stab: Sleeping          |     1 |       |       |     5 |     3 |     1 ||    10
       Invisible         |       |       |     4 |     4 |     7 |       ||    15
       Distracted        |       |       |     1 |     2 |     7 |     1 ||    11
Armor: Leather armour    |     4 |       |       |       |       |       ||     4
       Chain mail        |    56 |    43 |       |       |       |       ||    99
       Plate armour      |       |    78 |   204 |    29 |       |       ||   311
       Steam dragon scal |       |       |       |    51 |       |       ||    51
       Ring mail         |       |       |       |   144 |   364 |    13 ||   521
Dodge: Dodged            |    35 |    36 |    68 |   335 |   485 |    17 ||   976
Block: Buckler           |       |       |       |   113 |   242 |    11 ||   366

Table legend: (Time is in decaauts)
 A = Elapsed time spent in this place.
 B = Non-inter-level travel time spent in this place.
 C = Inter-level travel time spent in this place.
 D = Time resting spent in this place.
 E = Time spent auto-exploring this place.
 F = Levels seen in this place.
 G = Mean time per level.
                   A        B        C        D        E       F      G
               +--------+--------+--------+--------+--------+-----+--------+
         Total |  31626 |  30106 |   1520 |   8527 |  14745 |  25 | 1265.0 |
       Dungeon |  16489 |  15597 |    892 |   2871 |   9599 |  15 | 1099.3 |
        Temple |     91 |     81 |     10 |      0 |     60 |   1 |   91.0 |
          Lair |  10190 |   9692 |    498 |   3376 |   3928 |   5 | 2038.0 |
  Orcish Mines |   2377 |   2259 |    118 |    746 |    988 |   2 | 1188.5 |
       Ossuary |    899 |    899 |      0 |    506 |    134 |   1 |  899.0 |
      Ice Cave |   1577 |   1577 |      0 |   1027 |     36 |   1 | 1577.0 |
               +--------+--------+--------+--------+--------+-----+--------+

Top non-repeatable levels by time:
  Lair:5: 4289 daAuts
  Lair:4: 1694 daAuts
    D:14: 1682 daAuts
   Orc:2: 1668 daAuts
  Lair:1: 1662 daAuts
   IceCv: 1577 daAuts
     D:9: 1430 daAuts
    D:11: 1416 daAuts
     D:5: 1416 daAuts
  Lair:3: 1375 daAuts
    D:15: 1306 daAuts
     D:7: 1191 daAuts
  Lair:2: 1169 daAuts
    D:10: 1050 daAuts
     D:4: 1000 daAuts
